 Dungeon Crawl Stone Soup version 0.22.1-2-g9c5b331 (webtiles) character file.

227 MalarOregon the Poker (level 6, -1/47 HPs)
             Began as a Merfolk Gladiator on Nov 28, 2018.
             Slain by an orc wizard
             ... wielding a +0 dagger
              (4 damage)
             ... on level 4 of the Dungeon.
             The game lasted 00:05:28 (2658 turns).

MalarOregon the Poker (Merfolk Gladiator)           Turns: 2658, Time: 00:05:29

Health: -1/47      AC:  4    Str: 13 (14) XL:     6   Next: 2%
Magic:  6/6        EV:  9    Int:  9 (10) God:
Gold:   144        SH: 13    Dex: 12 (15) Spells: 5/5 levels left

rFire    . . .     SeeInvis .   a - +0 trident
rCold    . . .     Gourm    .   n - +2 large shield
rNeg     . . .     Faith    .   b - +0 leather armour
rPois    .         Spirit   .   c - +0 helmet
rElec    .         Reflect  .   (no cloak)
rCorr    .         Harm     .   (no gloves)
MR       .....                  (no boots)
Stlth    +.........             (no amulet)
HPRegen  0.15/turn              (no ring)
MPRegen  0.10/turn              (no ring)

@: no status effects
A: change form in water, swift swim, stealthy swim
a: no special abilities


You were on level 4 of the Dungeon.
You were hungry.

You visited 1 branch of the dungeon, and saw 4 of its levels.

You collected 144 gold pieces.

Inventory:

Hand Weapons
 a - a +0 trident (weapon)
Missiles
 d - 3 throwing nets (quivered) {!f}
Armour
 b - a +0 leather armour (worn)
 c - a +0 helmet (worn)
 n - a +2 large shield (worn)
   (You found it on level 2 of the Dungeon)
Wands
 h - a wand of polymorph (13)
   (You found it on level 4 of the Dungeon)
Scrolls
 f - 2 scrolls of blinking {unknown}
 j - a scroll of enchant weapon {unknown}
 l - 3 scrolls of amnesia {unknown}
 m - 5 scrolls of identify {unknown}
 o - a scroll of teleportation {unknown}
 p - a scroll of fog {unknown}
Comestibles
 e - 7 rations {!d}


   Skills:
 + Level 3.3 Fighting
 * Level 6.5 Polearms
 - Level 2.0 Throwing
 + Level 1.4 Armour
 + Level 5.0 Dodging
 * Level 2.0 Shields


You had 5 spell levels left.
You didn't know any spells.
Your spell library was empty.

Dungeon Overview and Level Annotations

Branches:
Dungeon (4/15)
 Temple: D:4-7

Altars:
Dithmenos
Fedhas
Makhleb
Vehumet
Zin


Message History

You block the orc's attack. The orc priest closely misses you.
The orc priest calls upon Beogh to heal the orc.
The orc's wounds heal themselves!
You block the orc's attack. Something hits you but does no damage.
The orc hits you with a dagger.
* * * LOW HITPOINT WARNING * * *
Unknown command.
Your shield prevents you from hitting the orc priest.
You block the orc priest's attack. x2; The orc hits you with a dagger.
* * * LOW HITPOINT WARNING * * *
Something hits you.
* * * LOW HITPOINT WARNING * * *
You block the orc's attack.
The orc priest hits you but does no damage.
You hit the orc priest. The orc priest barely misses you.
You block the orc's attack. The orc hits you but does no damage.
Something hits you but does no damage. You block the orc priest's attack.
You puncture the orc priest!
You kill the orc priest!
Your life force feels restored.
Your Dodging skill increases to level 5!
Your Shields skill increases to level 2!
You have reached level 6!
Your experience leads to an increase in your attributes!
Your base attributes are Str 14, Int 9, Dex 15.
Increase (S)trength, (I)ntelligence, or (D)exterity?
You feel clever. The orc hits you but does no damage. Something hits you.
* * * LOW HITPOINT WARNING * * *
The orc closely misses you. The orc priest hits you.
* * * LOW HITPOINT WARNING * * *
You block the orc's attack.
The orc priest looks encouraged for a moment.
You hear some strange, mumbled words.
The orc priest looks braver for a moment.
You hear some strange, mumbled words.
A puff of flame appears from out of thin air!
The puff of flame hits you!
* * * LOW HITPOINT WARNING * * *
Something hits you but does no damage. Something hits you.
* * * LOW HITPOINT WARNING * * *
Unknown command.
Unknown command.
Something hits you but does no damage.
You aren't carrying any potions.
Something hits you.
You die...

.........................#
#.#
................#.......##
#.#
...........#....#.......#
#.#
.###.......#...o#.......#
#.# ##
#.......#....#.......# #.#
####....#.o..#.......# #.#
#######.###.......# #.#
#.###.......####.####
#.o{@..........#.#...
#####.......##.#.##.#
##########.#....# #.######
#....... ########


You could see an orc.

Vanquished Creatures
  2 hounds (D:4)
  An orc priest (D:4)
  A worker ant (D:4)
  Robin (D:1)
  5 adders
  A worm (D:2)
  2 orcs (D:3)
  3 bats
  3 giant cockroaches
  10 goblins
  5 hobgoblins
  5 jackals (D:1)
  6 kobolds
  2 ball pythons
  4 frilled lizards
  7 rats
58 creatures vanquished.

Notes
Turn   | Place    | Note
-------+----------+-------------------------------------------
     0 | D:1      | MalarOregon the Merfolk Gladiator began the quest for the
                  | Orb.
     0 | D:1      | Reached XP level 1. HP: 16/16 MP: 1/1
   306 | D:1      | Reached XP level 2. HP: 21/23 MP: 2/2
   663 | D:2      | Reached skill level 5 in Polearms
   758 | D:2      | Reached XP level 3. HP: 24/28 MP: 3/3
   880 | D:2      | Found a burning altar of Makhleb.
   889 | D:2      | Found a radiant altar of Vehumet.
   890 | D:2      | Found a glowing silver altar of Zin.
   892 | D:2      | Found a blossoming altar of Fedhas.
   895 | D:2      | Found a shadowy altar of Dithmenos.
  1034 | D:2      | Noticed Robin
  1343 | D:1      | Killed Robin
  1343 | D:1      | Reached skill level 1 in Armour
  1343 | D:1      | Reached XP level 4. HP: 27/34 MP: 4/4
  2062 | D:4      | Reached skill level 1 in Shields
  2091 | D:4      | HP: 1/35 [hound (2)]
  2105 | D:4      | HP: 1/52 [hound (2)]
  2109 | D:4      | Reached skill level 6 in Polearms
  2109 | D:4      | Reached XP level 5. HP: 2/41 MP: 5/5
  2638 | D:4      | Reached skill level 5 in Dodging
  2638 | D:4      | Reached XP level 6. HP: 9/47 MP: 6/6
  2646 | D:4      | HP: 2/47 [something/puff of flame (5)]
  2658 | D:4      | Slain by an orc wizard

Skill      XL: |  1  2  3  4  5 |
---------------+----------------+-----
Polearms       | 5 6 |  6.5
Armour         | 1 |  1.4
Fighting       | 3 |  3.3
Shields        | 1 2 |  2.0
Dodging        | 5 |  5.0
Throwing       | |  2.0

Action                   |  1- 3 |  4- 6 || total
-------------------------+-------+-------++-------
Melee: Trident           |   111 |   127 ||   238
  Use: Potion            |       |     9 ||     9
 Stab: Sleeping          |     1 |     2 ||     3
       Distracted        |     1 |       ||     1
  Eat: Chunk             |     1 |     4 ||     5
Armor: Leather armour    |    23 |    56 ||    79
       Skin              |       |    32 ||    32
Dodge: Dodged            |    70 |    70 ||   140
Block: Large shield      |       |   146 ||   146
